 Dungeon Crawl Stone Soup version 0.29-a0-321-gf1c400731a (webtiles) character file.

Game seed: 7954026823341896820

157 Morbidden the Covered (level 5, 18/41 HPs)
             Began as a Demonspawn Fighter on Apr 3, 2022.
             Quit the game on level 3 of the Dungeon.
             The game lasted 00:02:04 (1889 turns).

Morbidden the Covered (Demonspawn Fighter)          Turns: 1889, Time: 00:02:05

Health: 18/41      AC:  6    Str: 17    XL:     5   Next: 15%
Magic:  6/6        EV: 10    Int: 17    God:
Gold:   150        SH:  9    Dex: 12    Spells: 5/5 levels left

rFire   + . .      SeeInvis .   b - +9 mace of Conscience {vorpal, rElec rC- Int+6}
rCold   x . .      Faith    .   (no shield)
rNeg    . . .      Spirit   .   f - +1 ring mail {rF+}
rPois   .          Reflect  +   (no helmet)
rElec   +          Harm     .   (no cloak)
rCorr   .          Rampage  .   (no gloves)
Will    .....                   (no boots)
Stlth   +.........              k - amulet of reflection
HPRegen 0.13/turn               (no ring)
MPRegen 0.10/turn               (no ring)

@: weak-willed
A: demonic guardian 1, condensation shield, demonic touch 1
a: no special abilities


You were on level 3 of the Dungeon.
You visited 1 branch of the dungeon, and saw 3 of its levels.

You collected 150 gold pieces.

Inventory:

Hand Weapons
 a - a +0 war axe
 b - the +9 mace of Conscience (weapon) {vorpal, rElec rC- Int+6}
   (You found it on level 2 of the Dungeon)

   It inflicts extra damage upon your enemies.
   Int:       It affects your intelligence (+6).
   rC:        It makes you vulnerable to cold.
   rElec:     It insulates you from electricity.
Armour
 f - a +1 ring mail of fire resistance (worn)
Jewellery
 g - a ring of ice
 k - an amulet of reflection (around neck)
Scrolls
 e - 2 scrolls of identify
Potions
 c - a potion of brilliance {unknown}
 d - 2 potions of might
 h - a potion of lignification {unknown}
 i - a potion of ambrosia
 l - a potion of heal wounds {unknown}


   Skills:
 * Level 3.3 Fighting
 * Level 3.2 Axes
 + Level 0.1(1.9) Maces & Flails
 + Level 3.3 Armour
 * Level 1.3 Dodging
 + Level 0.1 Stealth
 + Level 3.1 Shields
 * Level 0.8 Spellcasting


You had 5 spell levels left.
You didn't know any spells.
Your spell library contained the following spells:

 Spells                   Type           Power      Damage    Failure   Level
 Summon Small Mammal      Summ           0%         N/A       36%         1
 Static Discharge         Conj/Air       0%         N/A       52%         2
 Call Canine Familiar     Summ           0%         N/A       75%         3
 Summon Guardian Golem    Hex/Summ       0%         N/A       75%         3
 Tukima's Dance           Hex            0%         N/A       75%         3
 Dispel Undead            Necr           0%         3d6       98%         4
 Passage of Golubria      Tloc           0%         N/A       98%         4
 Sticky Flame             Conj/Fire      0%         2d3       98%         4
 Yara's Violent Unravell  Hex/Tmut       0%         3d3       100%        5


Dungeon Overview and Level Annotations

Branches:
Dungeon (3/15)

Altars:


Innate Abilities, Weirdness & Mutations

A weak demonic guardian rushes to your aid.
A meltable shield of frost defends you. (SH +4)
Your touch may inflict minor irresistible damage on your foes.


Message History

You thump the orc!
You kill the orc!
You block the kobold's attack. The endoplasm barely misses you.
You barely miss the kobold. The endoplasm barely misses you.
You block the kobold's attack.
You hit the kobold.
You kill the kobold!
You block the endoplasm's attack. The endoplasm attacks as you move away!
You block the endoplasm's attack.
Items here: )))))) [[ †††.
The endoplasm attacks as you move away! The endoplasm barely misses you.
There is a stone staircase leading up here.
The endoplasm attacks as you move away!
The endoplasm hits you but does no damage.
The endoplasm attacks as you move away! The endoplasm hits you.
The endoplasm attacks as you move away! You block the endoplasm's attack.
You see here a red potion.
Unknown command.
You hit the endoplasm.
You touch the endoplasm.
You kill the endoplasm!
Autopickup is now off.
Unknown command.
Sorry, you're not good enough to have a special ability.
Unknown command.
Unknown command.
As you read the scroll labelled TUISHR OLUT, it crumbles to dust.
You assume a fearsome visage.
Nothing appears to happen.
It was a scroll of fear.
Unknown command.
As you read the scroll labelled RUWNYVATROE, it crumbles to dust.
It is a scroll of amnesia.
You feel forgetful for a moment.
As you read the scroll labelled ESMIOM XITUOK, it crumbles to dust.
Magic quickly surges around you.
It was a scroll of vulnerability.
Unknown command.
As you read the scroll labelled YLAITOBLUA, it crumbles to dust.
It is a scroll of identify.
i - a potion of ambrosia Unknown command.
Are you sure you want to abandon this character and quit the game? (Confirm with "yes".)

# #.# #. #.#
#.###)#
###....<###
........?.#
###.......# #
......)...##.#
.............##
###....@.......
#.......#####
#....!..#
#########


There were no monsters in sight!

Vanquished Creatures
  An orc priest (D:3)
  Terence (D:3)
  3 adders (D:2)
  2 dart slugs
  4 orcs (D:3)
  A bat (D:1)
  3 endoplasms
  4 giant cockroaches (D:1)
  4 goblins
  8 hobgoblins
  2 jackals (D:2)
  6 kobolds
  4 quokkas (D:1)
  8 ball pythons
  4 frilled lizards
  13 rats
68 creatures vanquished.

Notes
Turn   | Place    | Note
-------+----------+-------------------------------------------
     0 | D:1      | Morbidden the Demonspawn Fighter began the quest for the
                  | Orb.
     0 | D:1      | Reached XP level 1. HP: 18/18 MP: 1/1
   201 | D:1      | Gained mutation: A meltable shield of frost defends you.
                  | (SH +4) [demonic ancestry]
   201 | D:1      | Reached XP level 2. HP: 23/24 MP: 2/2
   732 | D:1      | Reached XP level 3. HP: 29/29 MP: 3/3
  1324 | D:2      | Identified the +9 mace of Conscience {vorpal, rElec rC-
                  | Int+6}
  1356 | D:2      | Gained mutation: Your touch may inflict minor irresistible
                  | damage on your foes. [demonic ancestry]
  1356 | D:2      | Reached XP level 4. HP: 35/35 MP: 4/4
  1851 | D:3      | Noticed Terence
  1865 | D:3      | Killed Terence
  1866 | D:3      | Reached skill level 1 in Dodging
  1866 | D:3      | Gained mutation: A weak demonic guardian rushes to your
                  | aid. [demonic ancestry]
  1866 | D:3      | Reached XP level 5. HP: 17/41 MP: 4/6
  1889 | D:3      | Quit the game

Illustrated notes

Levels and vault maps discovered:
D:1:      beargit_arrival_greenhouse, layout_loops_corners, minmay_octomino_e4
D:2:      layout_loops_ring, hangedman_decor_push, minmay_rat_gold_closets
D:3:      layout_loops_ring, cheibrodos_sewer_entry_bend, uniq_grinder,
          uniq_crazy_yiuf_cottage, uniq_terence

Skill      XL: |  1  2  3  4 |
---------------+-------------+-----
Axes           | 2 3 |  3.2
Armour         | 3 |  3.3
Shields        | 3 |  3.1
Dodging        | 1 |  1.3
Fighting       | |  3.3
Maces & Flails | |  0.1
Stealth        | |  0.1
Spellcasting   | |  0.8

Action                   |  1- 3 |  4- 6 || total
-------------------------+-------+-------++-------
Melee: War axe           |   121 |       ||   121
       Mace              |     1 |    40 ||    41
       Touch             |       |     4 ||     4
  Use: Scroll            |       |     4 ||     4
Armor: Scale mail        |    13 |       ||    13
       Ring mail         |    29 |    14 ||    43
Dodge: Dodged            |    60 |    18 ||    78
Block: Buckler           |    64 |       ||    64
       Other             |       |    23 ||    23

Table legend: (Time is in decaauts)
 A = Elapsed time spent in this place.
 B = Non-inter-level travel time spent in this place.
 C = Inter-level travel time spent in this place.
 D = Time resting spent in this place.
 E = Time spent auto-exploring this place.
 F = Levels seen in this place.
 G = Mean time per level.
                   A        B        C        D        E       F      G
               +--------+--------+--------+--------+--------+-----+--------+
         Total |   1952 |   1906 |     46 |    135 |   1300 |   3 |  650.7 |
       Dungeon |   1952 |   1906 |     46 |    135 |   1300 |   3 |  650.7 |
               +--------+--------+--------+--------+--------+-----+--------+

Top non-repeatable levels by time:
     D:1: 1221 daAuts
     D:2: 688 daAuts
     D:3: 42 daAuts
